| TOP OF THE 1ST |
|
Chicago (NYP) White Sox batting - Pitching for Idaho Falls Chukars : RHP Rich Frontczak
|
|
Pitching: RHP Rich Frontczak
|
|
|
Batting: RHB Justin Usner
|
0-0: Ball 1-0: Ball 2-0: Ball 3-0: Called Strike 3-1: Base on Balls
|
|
Batting: RHB Jeremy Hoffert
|
0-0: Fielders Choice at 2nd, 5-4 (Groundball, 56S, EV 78.1 MPH)
|
|
Batting: RHB Dusty Ballard
|
0-0: Ball 1-0: Called Strike Jeremy Hoffert steals 2nd base 1-1: Foul Ball, location: 2F 1-2: SINGLE (Groundball, 56S, EV 62.5 MPH) (infield hit) Jeremy Hoffert to third
|
|
Batting: LHB Brandon Hopper
|
0-0: Ball 1-0: Called Strike 1-1: Called Strike 1-2: Grounds into double play, 6-4-3 (Groundball, 6M, EV 103.8 MPH)
|
| Top of the 1st over - 0 runs, 1 hit, 0 errors, 1 left on base; Chicago (NYP) 0 - Idaho Falls 0 |
| BOTTOM OF THE 1ST |
|
Idaho Falls Chukars batting - Pitching for Chicago (NYP) White Sox : RHP Cole Wanat
|
|
Pitching: RHP Cole Wanat
|
|
|
Batting: RHB Chad Sullivan
|
0-0: Called Strike 0-1: Fly out, F8 (Flyball, 89M, EV 90.6 MPH)
|
|
Batting: RHB Eric Erickson
|
0-0: Ball 1-0: Ball 2-0: Called Strike 2-1: Called Strike 2-2: Strikes out swinging
|
|
Batting: RHB Edite Leoni
|
0-0: Foul Ball, location: 2F 0-1: Foul Ball, location: 2F 0-2: Ball 1-2: Ball 2-2: Strikes out swinging
|
| Bottom of the 1st over - 0 runs, 0 hits, 0 errors, 0 left on base; Chicago (NYP) 0 - Idaho Falls 0 |
| TOP OF THE 2ND |
|
Chicago (NYP) White Sox batting - Pitching for Idaho Falls Chukars : RHP Rich Frontczak
|
|
Batting: LHB Jason Bell
|
0-0: Called Strike 0-1: Foul Ball, location: 2F 0-2: Ball 1-2: TRIPLE (Flyball, 9LD, EV 109.4 MPH)
|
|
Pitching: RHP Travis Stump
|
|
|
Batting: RHB Mitch Cuadros
|
0-0: Called Strike 0-1: Foul Ball, location: 2F 0-2: Hit by Pitch
|
|
Batting: LHB Wes Goscinski
|
0-0: Called Strike 0-1: Foul Ball, location: 2F 0-2: Ball 1-2: Ball 2-2: SINGLE (Groundball, 6MD, EV 96.9 MPH) Jason Bell scores Mitch Cuadros to second
|
|
Batting: SHB Jason Bresnahan
|
0-0: Ball 1-0: Called Strike 1-1: Fielders Choice at 2nd, 2-6 (Groundball, 13S, EV 76.9 MPH) Mitch Cuadros to third
|
|
Batting: RHB David Laureano
|
0-0: Called Strike Jason Bresnahan steals 2nd base 0-1: Foul Ball, location: 2F 0-2: Ball 1-2: Ball 2-2: Ball 3-2: Foul Ball, location: 2F 3-2: Base on Balls
|
|
Pitching: RHP Tony Jimenez
|
|
|
Batting: RHB Justin Usner
|
0-0: Ball 1-0: Fielders Choice at 2nd, 4-6 (Groundball, 34, EV 105.6 MPH) Mitch Cuadros scores Jason Bresnahan to third
|
|
Batting: RHB Jeremy Hoffert
|
0-0: Called Strike 0-1: Ball 1-1: Ball 2-1: Ball 3-1: Called Strike 3-2: Foul Ball, location: 2F 3-2: Base on Balls Justin Usner to second
|
|
Batting: RHB Dusty Ballard
|
0-0: Called Strike 0-1: Ball 1-1: Ball Wild Pitch! Jason Bresnahan scores Justin Usner to third Jeremy Hoffert to second 2-1: Called Strike 2-2: Ball 3-2: Strikes out looking
|
| Top of the 2nd over - 3 runs, 2 hits, 0 errors, 2 left on base; Chicago (NYP) 3 - Idaho Falls 0 |
| BOTTOM OF THE 2ND |
|
Idaho Falls Chukars batting - Pitching for Chicago (NYP) White Sox : RHP Cole Wanat
|
|
Batting: RHB Ken Postlethwaite
|
0-0: Called Strike 0-1: Ball 1-1: Foul Ball, location: 2F 1-2: Ball 2-2: Ground out 6-3 (Groundball, 6S, EV 88.1 MPH)
|
|
Batting: RHB Jeremy Haun
|
0-0: Called Strike 0-1: Ball 1-1: Swinging Strike 1-2: Strikes out swinging
|
|
Batting: RHB Nate De Jongh
|
0-0: Swinging Strike 0-1: Foul Ball, location: 2F 0-2: Foul Ball, location: 2F 0-2: Ball 1-2: Strikes out swinging
|
| Bottom of the 2nd over - 0 runs, 0 hits, 0 errors, 0 left on base; Chicago (NYP) 3 - Idaho Falls 0 |
| TOP OF THE 3RD |
|
Chicago (NYP) White Sox batting - Pitching for Idaho Falls Chukars : RHP Tony Jimenez
|
|
Batting: LHB Brandon Hopper
|
0-0: Ball 1-0: SINGLE (Line Drive, 9S, EV 105.0 MPH)
|
|
Batting: LHB Jason Bell
|
0-0: SINGLE (Groundball, 56D, EV 99.4 MPH) Brandon Hopper to second
|
|
Batting: RHB Mitch Cuadros
|
0-0: Called Strike 0-1: Swinging Strike 0-2: Foul Ball, location: 2F 0-2: Ball 1-2: Ball 2-2: Foul Ball, location: 2F 2-2: Strikes out swinging
|
|
Batting: LHB Wes Goscinski
|
0-0: Fly out, F7 (Flyball, 78M, EV 88.8 MPH)
|
|
Batting: SHB Jason Bresnahan
|
0-0: Called Strike 0-1: Fielders Choice at 2nd, U6 (Groundball, 6M, EV 106.3 MPH)
|
| Top of the 3rd over - 0 runs, 2 hits, 0 errors, 2 left on base; Chicago (NYP) 3 - Idaho Falls 0 |
| BOTTOM OF THE 3RD |
|
Idaho Falls Chukars batting - Pitching for Chicago (NYP) White Sox : RHP Cole Wanat
|
|
Batting: RHB Kevin Allen
|
0-0: Swinging Strike 0-1: Foul Ball, location: 2F 0-2: Ball 1-2: Foul Ball, location: 2F 1-2: Fly out, F4 (Popup, 4MD, EV 45.0 MPH)
|
|
Batting: RHB Eric Dyer
|
0-0: Foul Ball, location: 2F 0-1: Ball 1-1: Ball 2-1: Called Strike 2-2: Strikes out swinging, 2-3 out at first.
|
|
Batting: RHB Ben Minge
|
0-0: Swinging Strike 0-1: Ball 1-1: Swinging Strike 1-2: Foul Ball, location: 2F 1-2: Ball 2-2: Foul Ball, location: 2F 2-2: Foul Ball, location: 2F 2-2: Ground out 4-3 (Groundball, 4MS, EV 71.9 MPH)
|
| Bottom of the 3rd over - 0 runs, 0 hits, 0 errors, 0 left on base; Chicago (NYP) 3 - Idaho Falls 0 |
| TOP OF THE 4TH |
|
Chicago (NYP) White Sox batting - Pitching for Idaho Falls Chukars : RHP Tony Jimenez
|
|
Batting: RHB David Laureano
|
0-0: Ball 1-0: Ball 2-0: Foul Ball, location: 2F 2-1: Ball 3-1: Base on Balls
|
|
Batting: RHB Justin Usner
|
0-0: Swinging Strike 0-1: Ground out 4-3 (Groundball, 4M, EV 79.4 MPH) David Laureano to second
|
|
Batting: RHB Jeremy Hoffert
|
0-0: Foul Ball, location: 2F 0-1: Ball 1-1: Ball 2-1: Foul Ball, location: 2F 2-2: Hit by Pitch
|
|
Batting: RHB Dusty Ballard
|
0-0: Called Strike 0-1: Foul Ball, location: 2F 0-2: Strikes out swinging
|
|
Batting: LHB Brandon Hopper
|
0-0: Called Strike 0-1: Ball 1-1: Foul Ball, location: 2F 1-2: Ball 2-2: Foul Ball, location: 2F 2-2: Ball 3-2: Foul Ball, location: 2F 3-2: Strikes out swinging
|
| Top of the 4th over - 0 runs, 0 hits, 0 errors, 2 left on base; Chicago (NYP) 3 - Idaho Falls 0 |
| BOTTOM OF THE 4TH |
|
Idaho Falls Chukars batting - Pitching for Chicago (NYP) White Sox : RHP Cole Wanat
|
|
Batting: RHB Chad Sullivan
|
0-0: Ball 1-0: Ball 2-0: Called Strike 2-1: Called Strike 2-2: Ball 3-2: Strikes out swinging
|
|
Batting: RHB Eric Erickson
|
0-0: Foul Ball, location: 2F 0-1: Ball 1-1: Foul Ball, location: 2F 1-2: Ball 2-2: Ground out 4-3 (Groundball, 34, EV 107.5 MPH)
|
|
Batting: RHB Edite Leoni
|
0-0: Swinging Strike 0-1: Ball 1-1: SINGLE (Flyball, 34D, EV 93.8 MPH)
|
|
Batting: RHB Ken Postlethwaite
|
0-0: Called Strike 0-1: Foul Ball, location: 2F 0-2: Ball Balk! Edite Leoni to second 1-2: Ball 2-2: Strikes out swinging
|
| Bottom of the 4th over - 0 runs, 1 hit, 0 errors, 1 left on base; Chicago (NYP) 3 - Idaho Falls 0 |
| TOP OF THE 5TH |
|
Chicago (NYP) White Sox batting - Pitching for Idaho Falls Chukars : RHP Tony Jimenez
|
|
Batting: LHB Jason Bell
|
0-0: Called Strike 0-1: Ball 1-1: Ball 2-1: SINGLE (Line Drive, 8LS, EV 93.8 MPH)
|
|
Batting: RHB Mitch Cuadros
|
0-0: Ball 1-0: Called Strike 1-1: Foul Ball, location: 2F 1-2: Ball 2-2: Ball 3-2: Foul Ball, location: 2F 3-2: Base on Balls Jason Bell to second
|
|
Pitching: LHP Randy Stapleton
|
|
|
Batting: LHB Wes Goscinski
|
0-0: Ball 1-0: Foul Ball, location: 2F 1-1: Ball 2-1: Ball Wild Pitch! Jason Bell to third Mitch Cuadros to second 3-1: Ground out 6-3 (Groundball, 6MS, EV 66.3 MPH) Jason Bell scores Mitch Cuadros to third
|
|
Batting: SHB Jason Bresnahan
|
0-0: Called Strike 0-1: SINGLE (Flyball, 6D, EV 84.4 MPH) Mitch Cuadros scores
|
|
Batting: RHB David Laureano
|
0-0: Called Strike Jason Bresnahan steals 2nd base 0-1: Hit by Pitch
|
|
Batting: RHB Justin Usner
|
0-0: Ball 1-0: Foul Ball, location: 2F 1-1: Ball Jason Bresnahan steals 3rd base David Laureano to second 2-1: Swinging Strike 2-2: Ball Balk! Jason Bresnahan scores David Laureano to third 3-2: Base on Balls
|
|
Batting: RHB Jeremy Hoffert
|
0-0: Foul Ball, location: 2F 0-1: Foul Ball, location: 2F 0-2: Ball Justin Usner steals 2nd base 1-2: Ball 2-2: Foul Ball, location: 2F 2-2: Fly out, F8 (Line Drive, 8LM, EV 88.8 MPH)
|
|
Batting: RHB Dusty Ballard
|
0-0: Ball 1-0: Foul Ball, location: 2F 1-1: Ball Balk! David Laureano scores Justin Usner to third 2-1: Foul Ball, location: 2F 2-2: Ball 3-2: Base on Balls
|
|
Batting: LHB Brandon Hopper
|
0-0: Called Strike Dusty Ballard steals 2nd base 0-1: Ground out 4-3 (Groundball, 4, EV 81.3 MPH)
|
| Top of the 5th over - 4 runs, 2 hits, 0 errors, 2 left on base; Chicago (NYP) 7 - Idaho Falls 0 |
| BOTTOM OF THE 5TH |
|
Idaho Falls Chukars batting - Pitching for Chicago (NYP) White Sox : RHP Cole Wanat
|
|
Batting: RHB Jeremy Haun
|
0-0: Ball 1-0: Called Strike 1-1: Foul Ball, location: 2F 1-2: Strikes out looking
|
|
Batting: RHB Nate De Jongh
|
0-0: Ball 1-0: Called Strike 1-1: Called Strike 1-2: Ball 2-2: Foul Ball, location: 2F 2-2: Foul Ball, location: 2F 2-2: Foul Ball, location: 2F 2-2: Ball 3-2: Foul Ball, location: 2F 3-2: Strikes out swinging
|
|
Batting: RHB Kevin Allen
|
0-0: Ball 1-0: Called Strike 1-1: Swinging Strike 1-2: Foul Ball, location: 2F 1-2: Ball 2-2: Strikes out swinging
|
| Bottom of the 5th over - 0 runs, 0 hits, 0 errors, 0 left on base; Chicago (NYP) 7 - Idaho Falls 0 |
| TOP OF THE 6TH |
|
Chicago (NYP) White Sox batting - Pitching for Idaho Falls Chukars : LHP Randy Stapleton
|
|
Batting: LHB Jason Bell
|
0-0: Ball 1-0: Ball 2-0: SINGLE (Line Drive, 89M, EV 111.9 MPH)
|
|
Batting: RHB Mitch Cuadros
|
0-0: Ball 1-0: Foul Ball, location: 2F 1-1: Ball 2-1: Ball Passed Ball! Jason Bell to second 3-1: Foul Ball, location: 2F 3-2: Base on Balls
|
|
Batting: LHB Wes Goscinski
|
0-0: Ball 1-0: Swinging Strike 1-1: Called Strike 1-2: Ball 2-2: SINGLE (Groundball, 4MD, EV 95.0 MPH) Jason Bell to third Mitch Cuadros to second
|
|
Batting: SHB Jason Bresnahan
|
0-0: Ball 1-0: Called Strike 1-1: Ball 2-1: Foul Ball, location: 2F 2-2: Foul Ball, location: 2F 2-2: Ball 3-2: SINGLE (Line Drive, 3D, EV 100.0 MPH) Jason Bell scores Mitch Cuadros to third Wes Goscinski to second
|
|
Batting: RHB David Laureano
|
Balk! Mitch Cuadros scores Wes Goscinski to third Jason Bresnahan to second 0-0: Ball 1-0: Swinging Strike 1-1: Ball 2-1: Ball 3-1: Base on Balls
|
|
Batting: RHB Justin Usner
|
0-0: TRIPLE (Groundball, 3L, EV 101.3 MPH) Wes Goscinski scores Jason Bresnahan scores David Laureano scores
|
|
Pitching: RHP Timotheus Cooper
|
|
|
Batting: RHB Jeremy Hoffert
|
0-0: SINGLE (Groundball, 4MD, EV 96.3 MPH) Justin Usner scores
|
|
Batting: RHB Dusty Ballard
|
0-0: Ball Wild Pitch! Jeremy Hoffert to second 1-0: Called Strike 1-1: Called Strike 1-2: Foul Ball, location: 2F 1-2: Ball 2-2: Ball 3-2: Foul Ball, location: 2F 3-2: Strikes out swinging
|
|
Batting: LHB Brandon Hopper
|
0-0: TRIPLE (Groundball, 3L, EV 100.0 MPH) Jeremy Hoffert scores
|
|
Batting: LHB Jason Bell
|
0-0: Ball 1-0: Ground out 4-3 (Groundball, 4, EV 84.4 MPH) Brandon Hopper scores
|
|
Batting: RHB Mitch Cuadros
|
0-0: Called Strike 0-1: Ball 1-1: Ball 2-1: Ball 3-1: Called Strike 3-2: Base on Balls
|
|
Pitching: LHP John Wagner
|
|
|
Batting: LHB Wes Goscinski
|
0-0: Swinging Strike 0-1: Ball 1-1: SINGLE (Groundball, 4MD, EV 103.1 MPH) Mitch Cuadros to second
|
|
Batting: SHB Jason Bresnahan
|
0-0: Swinging Strike 0-1: Ball 1-1: SINGLE (Line Drive, 4MD, EV 94.4 MPH) Mitch Cuadros to third Wes Goscinski to second Runner from 3rd tries for Home, SAFE, throw by CF to home
|
|
Batting: RHB David Laureano
|
0-0: Ground out 3-1 (Groundball, 34S, EV 70.0 MPH)
|
| Top of the 6th over - 9 runs, 8 hits, 0 errors, 2 left on base; Chicago (NYP) 16 - Idaho Falls 0 |
| BOTTOM OF THE 6TH |
|
Idaho Falls Chukars batting - Pitching for Chicago (NYP) White Sox : RHP Cole Wanat
|
|
Batting: RHB Eric Dyer
|
0-0: Ball 1-0: Fly out, F9 (Flyball, 89XD, EV 97.5 MPH)
|
|
Batting: RHB Ben Minge
|
0-0: Swinging Strike 0-1: Called Strike 0-2: Ball 1-2: Strikes out swinging
|
|
Batting: RHB Chad Sullivan
|
0-0: Called Strike 0-1: Ball 1-1: Foul Ball, location: 2F 1-2: Ball 2-2: Foul Ball, location: 2F 2-2: Ball 3-2: Ground out 5-3 (Groundball, 56, EV 81.9 MPH)
|
| Bottom of the 6th over - 0 runs, 0 hits, 0 errors, 0 left on base; Chicago (NYP) 16 - Idaho Falls 0 |
| TOP OF THE 7TH |
|
Chicago (NYP) White Sox batting - Pitching for Idaho Falls Chukars : LHP John Wagner
|
|
Pinch Hitting: RHB Kevin Larsen
|
0-0: Called Strike 0-1: Foul Ball, location: 2F 0-2: Ball 1-2: Foul Ball, location: 2F 1-2: Ground out 5-3 (Groundball, 56, EV 86.3 MPH)
|
|
Batting: RHB Jeremy Hoffert
|
0-0: Ball 1-0: Foul Ball, location: 2F 1-1: Foul Ball, location: 2F 1-2: Ball 2-2: DOUBLE (Groundball, 5L, EV 104.4 MPH)
|
|
Pinch Hitting: RHB Russ Cornett
|
0-0: Ball 1-0: Foul Ball, location: 2F 1-1: Ball 2-1: Foul Ball, location: 2F 2-2: Fly out, F9 (Flyball, 89M, EV 95.0 MPH)
|
|
Pinch Hitting: LHB James Groshong
|
0-0: Ball 1-0: Foul Ball, location: 2F 1-1: Foul Ball, location: 2F 1-2: Ball 2-2: Foul Ball, location: 2F 2-2: Strikes out looking
|
| Top of the 7th over - 0 runs, 1 hit, 0 errors, 1 left on base; Chicago (NYP) 16 - Idaho Falls 0 |
| BOTTOM OF THE 7TH |
|
Idaho Falls Chukars batting - Pitching for Chicago (NYP) White Sox : RHP Cole Wanat
|
|
Now at 2B: Jason Bresnahan
|
|
|
Now at 3B: Russ Cornett
|
|
|
Now in LF: Kevin Larsen
|
|
|
Now in RF: James Groshong
|
|
|
Batting: RHB Eric Erickson
|
0-0: Ball 1-0: Foul Ball, location: 2F 1-1: Ball 2-1: Ball 3-1: Base on Balls
|
|
Batting: RHB Edite Leoni
|
0-0: Called Strike 0-1: Called Strike 0-2: Foul Ball, location: 2F 0-2: Foul Ball, location: 2F 0-2: Foul Ball, location: 2F 0-2: Strikes out swinging
|
|
Pitching: RHP Miguel Romero
|
|
|
Batting: RHB Ken Postlethwaite
|
0-0: Called Strike 0-1: Ball Eric Erickson steals 2nd base 1-1: Fly out, F3 (Flyball, 3D, EV 86.3 MPH)
|
|
Batting: RHB Jeremy Haun
|
0-0: Ball 1-0: Ball 2-0: Called Strike 2-1: Ball 3-1: Foul Ball, location: 2F 3-2: Base on Balls
|
|
Batting: RHB Nate De Jongh
|
0-0: Swinging Strike 0-1: Called Strike 0-2: Ground out 4-3 (Groundball, 4S, EV 91.3 MPH)
|
| Bottom of the 7th over - 0 runs, 0 hits, 0 errors, 2 left on base; Chicago (NYP) 16 - Idaho Falls 0 |
| TOP OF THE 8TH |
|
Chicago (NYP) White Sox batting - Pitching for Idaho Falls Chukars : LHP John Wagner
|
|
Batting: LHB Jason Bell
|
0-0: Ball 1-0: Ball 2-0: Called Strike 2-1: Foul Ball, location: 2F 2-2: Foul Ball, location: 2F 2-2: Fly out, F6 (Popup, P, EV 89.4 MPH)
|
|
Batting: RHB Mitch Cuadros
|
0-0: Ball 1-0: Ball 2-0: Called Strike 2-1: Called Strike 2-2: Ball 3-2: Base on Balls
|
|
Pinch Hitting: RHB Mike Zern
|
0-0: Ball 1-0: Ball 2-0: Ball 3-0: Called Strike 3-1: Fielders Choice at 2nd, 1-6 (Groundball, 13, EV 74.4 MPH)
|
|
Pinch Hitting: RHB John DeVillier
|
0-0: Ball 1-0: Ball 2-0: Ball 3-0: Called Strike 3-1: Base on Balls Mike Zern to second
|
|
Batting: RHB David Laureano
|
0-0: Called Strike 0-1: Ball 1-1: Foul Ball, location: 2F 1-2: Ball 2-2: Foul Ball, location: 2F 2-2: SINGLE (Flyball, 89S, EV 91.3 MPH) Mike Zern to third John DeVillier to second
|
|
Batting: RHB Kevin Larsen
|
0-0: Called Strike 0-1: Ball Wild Pitch! Mike Zern scores John DeVillier to third David Laureano to second 1-1: Ball 2-1: Ball 3-1: Swinging Strike Passed Ball! John DeVillier scores David Laureano to third 3-2: Strikes out swinging
|
| Top of the 8th over - 2 runs, 1 hit, 0 errors, 1 left on base; Chicago (NYP) 18 - Idaho Falls 0 |
| BOTTOM OF THE 8TH |
|
Idaho Falls Chukars batting - Pitching for Chicago (NYP) White Sox : RHP Miguel Romero
|
|
Now at 1B: Daniel Underhay
|
|
|
Now at 2B: Mike Zern
|
|
|
Batting: RHB Kevin Allen
|
0-0: Swinging Strike 0-1: Swinging Strike 0-2: Ball 1-2: Strikes out swinging
|
|
Batting: RHB Eric Dyer
|
0-0: Ball 1-0: Swinging Strike 1-1: Ball 2-1: Ground out 5-3 (Groundball, 56S, EV 69.4 MPH)
|
|
Batting: RHB Ben Minge
|
0-0: Ball 1-0: Ball 2-0: Foul Ball, location: 2F 2-1: Foul Ball, location: 2F 2-2: Ball 3-2: Strikes out swinging
|
| Bottom of the 8th over - 0 runs, 0 hits, 0 errors, 0 left on base; Chicago (NYP) 18 - Idaho Falls 0 |
| TOP OF THE 9TH |
|
Chicago (NYP) White Sox batting - Pitching for Idaho Falls Chukars : LHP John Wagner
|
|
Batting: RHB Jeremy Hoffert
|
0-0: Swinging Strike 0-1: Ball 1-1: Ball 2-1: Ground out 6-3 (Groundball, 6, EV 88.8 MPH)
|
|
Batting: RHB Russ Cornett
|
0-0: Ball 1-0: Called Strike 1-1: Swinging Strike 1-2: Foul Ball, location: 2F 1-2: Fly out, F9 (Flyball, 89XD, EV 104.4 MPH)
|
|
Batting: LHB James Groshong
|
0-0: Ball 1-0: Called Strike 1-1: Ball 2-1: Swinging Strike 2-2: Ball 3-2: Base on Balls
|
|
Pinch Hitting: RHB Bill Mannino
|
0-0: Ball 1-0: Ball 2-0: Ball 3-0: Base on Balls James Groshong to second
|
|
Batting: RHB Mitch Cuadros
|
0-0: Swinging Strike 0-1: Called Strike Balk! James Groshong to third Bill Mannino to second 0-2: Foul Ball, location: 2F 0-2: Foul Ball, location: 2F 0-2: Ball 1-2: Ball 2-2: Ball 3-2: Strikes out swinging
|
| Top of the 9th over - 0 runs, 0 hits, 0 errors, 2 left on base; Chicago (NYP) 18 - Idaho Falls 0 |
| BOTTOM OF THE 9TH |
|
Idaho Falls Chukars batting - Pitching for Chicago (NYP) White Sox : RHP Miguel Romero
|
|
Now at C: Bill Mannino
|
|
|
Batting: RHB Chad Sullivan
|
0-0: Swinging Strike 0-1: Foul Ball, location: 2F 0-2: Strikes out swinging
|
|
Batting: RHB Eric Erickson
|
0-0: Called Strike 0-1: Called Strike 0-2: Foul Ball, location: 2F 0-2: Foul Ball, location: 2F 0-2: Strikes out swinging
|
|
Batting: RHB Edite Leoni
|
0-0: Called Strike 0-1: Swinging Strike 0-2: Strikes out swinging
|
| Bottom of the 9th over - 0 runs, 0 hits, 0 errors, 0 left on base; Chicago (NYP) 18 - Idaho Falls 0 |
|